 Dungeon Crawl Stone Soup version 0.28.0 (webtiles) character file.

Game seed: 13491854807078895646

30 Prodoman the Magician (level 3, -4/24 HPs)
             Began as a Demonspawn Hedge Wizard on Feb 4, 2022.
             Slain by a gnoll (9 damage)
             ... on level 2 of the Dungeon.
             The game lasted 00:03:40 (1374 turns).

Prodoman the Magician (Demonspawn Hedge Wizard)     Turns: 1374, Time: 00:03:41

Health: -4/24      AC:  2    Str: 10    XL:     3   Next: 3%
Magic:  0/7        EV: 12    Int: 17    God:
Gold:   12         SH:  0    Dex: 12    Spells: 7/8 levels left

rFire   + . .      SeeInvis .   a - +1 dagger
rCold   . . .      Faith    .   (no shield)
rNeg    . . .      Spirit   .   b - +0 robe
rPois   .          Reflect  .   c - +0 hat
rElec   .          Harm     .   k - scarf {shadows}
rCorr   .          Rampage  .   (no gloves)
Will    .....                   (no boots)
Stlth   ++........              (no amulet)
HPRegen 0.08/turn               e - ring of protection from fire
MPRegen 0.10/turn               (no ring)

@: very slightly contaminated, invisible
A: powered by pain 1, weakness stinger 1
a: no special abilities


You were on level 2 of the Dungeon.
You visited 1 branch of the dungeon, and saw 2 of its levels.

You collected 52 gold pieces.
You spent 40 gold pieces at shops.

Inventory:

Hand Weapons
 a - a +1 dagger (weapon)
Armour
 b - a +0 robe (worn)
 c - a +0 hat (worn)
 k - a scarf of shadows (worn)
 l - a +1 chain mail of cold resistance
Jewellery
 e - a ring of protection from fire (left hand)
 m - a ring of flight
Scrolls
 d - a scroll of magic mapping {unknown}
 g - a scroll of enchant weapon
 i - a scroll of silence {unknown}
 j - a scroll of teleportation {unknown}
Potions
 f - a potion of flight


   Skills:
 + Level 2.2 Dodging
 - Level 2.0 Stealth
 + Level 3.3 Spellcasting
 + Level 1.7 Conjurations
 - Level 1.0 Summonings
 - Level 1.0 Translocations


You had 7 spell levels left.
You knew the following spells:

 Your Spells              Type           Power      Damage    Failure   Level
a - Magic Dart            Conj           32%        1d4       9%          1

Your spell library contained the following spells:

 Spells                   Type           Power      Damage    Failure   Level
 Slow                     Hex            8%         N/A       17%         1
 Blink                    Tloc           12%        N/A       17%         2
 Call Imp                 Summ           6%         N/A       17%         2
 Conjure Flame            Conj/Fire      5%         6-21      34%         3
 Mephitic Cloud           Conj/Pois/Air  4%         N/A       36%         3


Dungeon Overview and Level Annotations

Branches:
Dungeon (2/15)

Altars:

Shops:
D:2 ?


Innate Abilities, Weirdness & Mutations

You sometimes gain a little power by taking damage.
You have a small tail.


Message History

Confirm with . or Enter, or press ? or * to list all spells.
Aiming: Magic Dart (safe; 11% risk of failure)
Press: ? - help, Shift-Dir - straight line, f/p - gnoll
Aim: a gnoll, wielding a +0 halberd (severely wounded, 100% to hit)
The magic dart hits the gnoll.
You kill the gnoll!
A dart slug comes into view.
You have reached level 3!
Your experience leads to an increase in your attributes!
Increase (S)trength, (I)ntelligence, or (D)exterity?
You feel clever. x2; Your demonic ancestry asserts itself...
You feel energised by your suffering.
Okay, then.
You fade into invisibility!
The gnoll hits you with a +0 spear.
* * * LOW HITPOINT WARNING * * *
Casting: Magic Dart (safe; 9% risk of failure)
Confirm with . or Enter, or press ? or * to list all spells.
Aiming: Magic Dart (safe; 9% risk of failure)
Press: ? - help, Shift-Dir - straight line, f - gnoll
Aim: a gnoll, wielding a +0 spear (100% to hit)
You miscast Magic Dart.
You are very lightly contaminated with residual magic.
Nothing appears to happen.
Casting: Magic Dart (safe; 9% risk of failure)
Confirm with . or Enter, or press ? or * to list all spells.
Aiming: Magic Dart (safe; 9% risk of failure)
Press: ? - help, Shift-Dir - straight line, f/p - gnoll
Aim: a gnoll, wielding a +0 spear (100% to hit)
The magic dart hits the gnoll.
The gnoll is lightly wounded.
The gnoll misses you.
Casting: Magic Dart (safe; 9% risk of failure)
Confirm with . or Enter, or press ? or * to list all spells.
Aiming: Magic Dart (safe; 9% risk of failure)
Press: ? - help, Shift-Dir - straight line, f/p - gnoll
Aim: a gnoll, wielding a +0 spear (100% to hit)
You miscast Magic Dart.
Nothing appears to happen.
The gnoll hits you from afar with a +0 spear!
You die...

### #############.##
#..........##..#
#..........#...####
#..........#.#..#.####
#..........#.##......# #####
#............#......≈######....
#...........##@##..≈≈#.........
#...........##.##..≈8#.........
#...........##g##..≈≈#####.....
#...........##.###..≈#.........
#######...#†##.# ##..#.###....>
#..##.##.# ###..# ##....
#####..#.# #..## #.... ##.#.##
#.## ###.. #..w.####.# ##.


You could see a gnoll.

Vanquished Creatures
  A gnoll (D:2)
  A dart slug (D:2)
  A bat (D:1)
  2 giant cockroaches
  2 hobgoblins (D:2)
  2 jackals (D:1)
  3 ball pythons
  A frilled lizard (D:2)
  2 goblins (D:1)
  A kobold (D:1)
  2 rats
18 creatures vanquished.

Notes
Turn   | Place    | Note
-------+----------+-------------------------------------------
     0 | D:1      | Prodoman the Demonspawn Hedge Wizard began the quest for
                  | the Orb.
     0 | D:1      | Reached XP level 1. HP: 13/13 MP: 4/4
    70 | D:1      | Reached skill level 1 in Translocations
   544 | D:1      | Discovered your monstrous ancestry.
   544 | D:1      | Gained mutation: You have a small tail. [demonic ancestry]
   544 | D:1      | Reached XP level 2. HP: 6/19 MP: 0/6
   942 | D:2      | Found Keolul's Magic Scroll Shoppe.
  1017 | D:2      | Bought a scroll of identify for 20 gold pieces
  1017 | D:2      | Bought a scroll of identify for 20 gold pieces
  1353 | D:2      | Gained mutation: You sometimes gain a little power by
                  | taking damage. [demonic ancestry]
  1353 | D:2      | Reached XP level 3. HP: 6/24 MP: 1/7
  1374 | D:2      | Slain by a gnoll

Illustrated notes

Levels and vault maps discovered:
D:1:      minmay_arrival_five_plusses, layout_basic
D:2:      layout_rooms, hellmonk_ecumenical_altar_pennies_from_heaven,
          serial_shops, shop, moated_statue, nicolae_underground_beach

Skill      XL: |  1  2 |
---------------+-------+-----
Translocations | 1 |  1.0
Stealth        | 2 |  2.0
Dodging        | 2 |  2.2
Spellcasting   | |  3.3
Conjurations   | |  1.7
Summonings     | |  1.0

Action                   || total
-------------------------++-------
Melee: Dagger            ||    13
       Tailslap          ||     1
       Punch             ||     1
 Cast: Magic Dart        ||    48
  Use: Scroll            ||     3
       Potion            ||     1
Armor: Robe              ||     8
Dodge: Dodged            ||    16
